 Dungeon Crawl Stone Soup version 0.30-a0-778-g2ef04afb54 (webtiles) character file.

Game seed: 13477687515079574041

5284 M4edhros the Basher (level 10, -3/74 HPs)
             Began as an Octopode Fighter on Feb 16, 2023.
             Was an Elder of Zin.
             Slain by a warg (16 damage)
             ... on level 8 of the Dungeon.
             The game lasted 00:08:34 (5858 turns).

M4edhros the Basher (Octopode Fighter)              Turns: 5858, Time: 00:08:34

Health: -3/74      AC:  1    Str: 16    XL:     10   Next: 63%
Magic:  10/10      EV: 20    Int: 11    God:    Zin [****..]
Gold:   594        SH:  5    Dex: 15    Spells: 9/9 levels left

rFire   . . .      SeeInvis .    l - +0 flail (protect)
rCold   . . .      Faith    .    b - +0 buckler
rNeg    . . .      Spirit   .    (helmet restricted)
rPois   .          Reflect  .    r - amulet of regeneration
rElec   .          Harm     .    n - +5 ring of evasion
rCorr   .          Rampage  .    (no ring)
Will    .....                    (no ring)
Stlth   ++++                     (no ring)
HPRegen 1.12/turn                (no ring)
MPRegen 0.12/turn                (no ring)
                                 (no ring)
                                 (no ring)

@: no status effects
A: almost no armour, amphibious, 8 rings, camouflage 1, gelatinous body 1,
(nimble swimmer 1), tentacles, mutation resistance 1, robust 1
a: Renounce Religion, Recite, Vitalisation, Imprison, Donate Gold


You were on level 8 of the Dungeon.
You worshipped Zin.
Zin was greatly pleased with you.
You visited 2 branches of the dungeon, and saw 11 of its levels.

You collected 659 gold pieces.
You donated 65 gold pieces to Zin.

Inventory:

Hand Weapons
 a - a +0 flail
 l - a +0 flail of protection (weapon)
Armour
 b - a +0 buckler (worn)
Jewellery
 n - a +5 ring of evasion (left tentacle)
 r - an amulet of regeneration (around mantle)
 B - a ring of ice
Wands
 A - a wand of flame (27)
Scrolls
 f - 7 scrolls of identify
 h - 2 scrolls of fog {unknown}
 i - 2 scrolls of brand weapon {unknown}
 j - a scroll of enchant armour {unknown}
 k - 2 scrolls of teleportation {unknown}
 m - 3 scrolls of vulnerability
 o - a scroll of amnesia {unknown}
 p - a scroll of blinking {unknown}
 s - 2 scrolls of immolation {unknown}
 u - a scroll of poison {unknown}
 x - a scroll of noise {unknown}
 y - a scroll of acquirement {unknown}
 D - a scroll of enchant weapon {unknown}
Potions
 c - a potion of might
 d - a potion of lignification
 e - a potion of attraction
 q - a potion of resistance {unknown}
 t - a potion of ambrosia {unknown}
 v - a potion of haste {unknown}
 w - a potion of flight {unknown}
 z - a potion of invisibility
 C - a potion of cancellation
 E - a potion of curing


   Skills:
 * Level 5.7 Fighting
 - Level 13.0 Maces & Flails
 * Level 5.7 Dodging
 + Level 4.6 Stealth
 + Level 4.5 Shields
 * Level 0.2 Invocations


You had 9 spell levels left.
You didn't know any spells.
Your spell library contained the following spells:

 Spells                   Type           Power      Damage    Failure   Level
 Beastly Appendage        Tmut           0%         N/A       41%         1
 Sublimation of Blood     Necr           0%         N/A       56%         2
 Wereblood                Tmut           0%         N/A       56%         2
 Spider Form              Tmut/Pois      0%         N/A       80%         3
 Tukima's Dance           Hex            0%         N/A       80%         3
 Passage of Golubria      Tloc           0%         N/A       99%         4
 Yara's Violent Unravell  Hex/Tmut       0%         3d3       100%        5
 Summon Hydra             Summ           0%         N/A       100%        7


Dungeon Overview and Level Annotations

Branches:
Dungeon (10/15)            Temple (1/1) D:6            Lair (0/5) D:8
    Orc: D:9-12

Altars:
Ashenzari
Cheibriados
Elyvilon
Fedhas
Hepliaklqana
Kikubaaqudgha
Makhleb
Nemelex Xobeh
Qazlal
Ru
Trog
Wu Jian
Xom
Yredelemnul
Zin
The Shining One

Annotations:
D:8 3 runed translucent doors, Gastronok; Smoky173's ghost, novice TeCj
D:9 Erica


Innate Abilities, Weirdness & Mutations

You cannot wear most types of armour.
You are amphibious.
You can wear up to eight rings at the same time.
Your skin changes colour to match your surroundings (Stealth+).
Your rubbery body absorbs attacks. (AC +1, EV +1)
((You are camouflaged when in or above water. (Stealth+)))
You have tentacles for arms and can constrict up to eight enemies at once.
You are somewhat resistant to further mutation.
You are robust. (+10% HP)


Message History

A cyclops comes into view.
The orc shouts!
You closely miss the orc wizard. Your grab misses the orc wizard.
The orc wizard hits you with a +0 dagger.
The orc wizard gestures wildly while chanting.
The orc wizard flickers and vanishes!
Deactivating autopickup; reactivate with Ctrl-A.
An orc priest comes into view. It is wielding a +0 falchion.
Okay, then.
The orc priest attacks as you move away!
The orc priest completely misses you. The warg attacks as you move away!
The warg bites you! The warg closely misses you.
The orc wizard attacks as you move away!
The orc wizard hits you with a +0 dagger.
The warg attacks as you move away! The warg bites you!
The warg attacks as you move away! The warg closely misses you.
You block the warg's attack.
As you read the scroll labelled FISEUTHR FUNERR, it crumbles to dust.
It is a scroll of identify.
m - 3 scrolls of vulnerability The warg bites you!
The orc priest mumbles some strange prayers to Beogh against you.
Beogh smites you!
* * * LOW HITPOINT WARNING * * *
Okay, then.
Okay, then.
Unknown command.
Unknown command.
Okay, then.
Okay, then.
You don't know any spells.
Okay, then.
As you read the scroll labelled YTIUXE CASIMU, it crumbles to dust.
Your body is wracked with pain!
* * * LOW HITPOINT WARNING * * *
The warg convulses! x2; The orc priest convulses!
The warg convulses!
The orc convulses!
Zin forgives your inadvertent evil act, just this once.
It was a scroll of torment.
The warg bites you!
You die...

#####.###.##.#....####..
#.......................
#####........#.#######.#
#.............# ###.#
#.##.###......#####....
................"..+....
###.##...........####....
# ##.##...##.....+....
#..@hhoh##...###....
#..###o..###........ #..
#.....########..
#..#.......# #..
#..#..h....# #..
#....o.......
#.#.........##
#......>.....#
....o.....(....


You could see 3 wargs, an orc priest and an orc.

Vanquished Creatures
  Maurice (D:9)
  A wraith (D:9)
  A steam dragon (D:9)
  An acid dragon (D:9)
  A water moccasin (D:9)
  3 orc warriors
  Duvessa (D:7)
  2 ice beasts
  2 black bears
  3 ogres
  4 centaurs
  2 phantoms
  4 bullfrogs
  2 kobold brigands
  2 scorpions
  16 wights
  Dowan (D:7)
  6 killer bees (D:7)
  3 howler monkeys (D:9)
  3 centaur zombies (D:7)
  A bullfrog zombie (D:7)
  A jelly (D:7)
  2 gnoll boudas
  6 orc priests
  6 hounds
  5 iguanas
  6 orc wizards
  A killer bee zombie (D:7)
  A hound zombie (D:3)
  17 gnolls
  5 adders
  3 shadow imps (D:7)
  3 white imps
  2 ufetubi
  2 worms (D:2)
  4 dart slugs
  19 orcs
  5 endoplasms
  2 giant cockroaches
  6 goblins
  9 hobgoblins
  8 jackals
  3 quokkas
  6 ball pythons
  A ball python zombie (D:3)
  2 bats (D:3)
  3 frilled lizards
  10 kobolds
  10 rats
208 creatures vanquished.

Vanquished Creatures (others)
  An orc wizard (D:9)
  A withered plant (D:7)
2 creatures vanquished.

Grand Total: 210 creatures vanquished

Notes
Turn   | Place    | Note
-------+----------+-------------------------------------------
     0 | D:1      | M4edhros the Octopode Fighter began the quest for the Orb.
     0 | D:1      | Reached XP level 1. HP: 16/16 MP: 1/1
   266 | D:2      | Reached XP level 2. HP: 21/21 MP: 2/2
   298 | D:2      | Reached skill level 3 in Maces & Flails
   354 | D:2      | Reached XP level 3. HP: 26/26 MP: 3/3
   732 | D:1      | Reached skill level 4 in Maces & Flails
   968 | D:1      | Reached XP level 4. HP: 31/31 MP: 4/4
  1169 | D:3      | Found a basalt altar of Yredelemnul.
  1819 | D:4      | Reached skill level 5 in Maces & Flails
  1830 | D:4      | Reached XP level 5. HP: 36/36 MP: 5/5
  1973 | D:4      | Noticed a black bear
  1981 | D:4      | Killed a black bear
  1982 | D:4      | Reached skill level 6 in Maces & Flails
  1982 | D:4      | Reached XP level 6. HP: 35/42 MP: 6/6
  2180 | D:5      | Entered Level 5 of the Dungeon
  2180 | D:5      | Noticed an ice beast
  2276 | D:5      | Found a snail-covered altar of Cheibriados.
  2357 | D:5      | Reached skill level 7 in Maces & Flails
  2456 | D:5      | Reached XP level 7. HP: 22/46 MP: 7/7
  2467 | D:5      | Gained mutation: You are robust. (+10% HP) [potion of
                  | mutation]
  2467 | D:5      | Gained mutation: You are somewhat resistant to further
                  | mutation. [potion of mutation]
  2551 | D:5      | Reached skill level 8 in Maces & Flails
  2718 | D:5      | Found a burning altar of Makhleb.
  2787 | D:6      | Reached skill level 9 in Maces & Flails
  2814 | D:6      | Reached XP level 8. HP: 39/57 MP: 8/8
  2956 | D:6      | Reached skill level 10 in Maces & Flails
  3221 | D:6      | Reached skill level 11 in Maces & Flails
  3306 | D:6      | Reached XP level 9. HP: 52/53 MP: 9/9
  3503 | D:6      | Found a staircase to the Ecumenical Temple.
  3509 | Temple   | Entered the Ecumenical Temple
  3517 | Temple   | Became a worshipper of Zin the Law-Giver
  3517 | Temple   | Reached * piety under Zin
  3723 | D:5      | Found a stormy altar of Qazlal.
  3723 | D:5      | Found a bloodstained altar of Trog.
  3910 | D:7      | Reached ** piety under Zin
  3961 | D:7      | Reached skill level 12 in Maces & Flails
  4282 | D:7      | Reached skill level 13 in Maces & Flails
  4399 | D:7      | Reached skill level 1 in Stealth
  4561 | D:7      | Found a broken altar of Ashenzari.
  4561 | D:7      | Noticed Duvessa
  4561 | D:7      | Noticed Dowan
  4564 | D:7      | Killed Duvessa
  4566 | D:7      | Killed Dowan
  4593 | D:7      | Reached XP level 10. HP: 56/69 MP: 10/10
  4712 | D:7      | Reached *** piety under Zin
  4767 | D:7      | Identified the +0 pair of boots of Negation {rN+ Int+3}
  4941 | D:8      | You fall into a shaft and drop 2 floors!
  4941 | D:10     | Entered Level 10 of the Dungeon
  5102 | D:9      | Noticed Maurice
  5147 | D:9      | Reached skill level 5 in Dodging
  5156 | D:9      | Killed Maurice
  5157 | D:9      | Reached skill level 5 in Fighting
  5364 | D:9      | Found a sparkling altar of Nemelex Xobeh.
  5404 | D:9      | Reached **** piety under Zin
  5592 | D:9      | Noticed Erica
  5640 | D:8      | Noticed Gastronok
  5682 | D:8      | Noticed Smoky173's ghost (novice TeCj)
  5797 | D:8      | Found a runed translucent gate.
  5797 | D:8      | Found a runed translucent gate.
  5797 | D:8      | Found a runed translucent gate.
  5849 | D:8      | Found a staircase to the Lair.
  5851 | D:8      | Noticed a cyclops
  5858 | D:8      | Slain by a warg

Illustrated notes

Levels and vault maps discovered:
D:1:      dpeg_arrival_snail, layout_rooms, minmay_heptomino_d4
D:2:      layout_rooms, minivault_23
D:3:      layout_rooms, lemuel_zombie_altar_yredelemnul
D:4:      layout_loops_ring
D:5:      layout_loops_cross, mainiacjoe_overflow_surrounded_room,
          gammafunk_temple_overflow_forgotten, dreamdust_wishing_well
D:6:      layout_loops_ring, minmay_temple_entry_fiery
D:7:      layout_loops_corners, nicolae_ashenzari_skybound, serial_undead,
          serial_undead_d, serial_undead_e, serial_undead_f, serial_undead_b,
          minmay_misc_feat_x, uniq_duvessa
D:8:      layout_basic, erik_lair_orcish_takeover, gammafunk_ghost_icy,
          uniq_joseph, uniq_gastronok
D:9:      layout_basic, nemelex_spade_bored_becter, uniq_maurice, uniq_erica
D:10:     hangedman_cross_cluster, layout_irregular_city, vehumet_altar_wand_db,
          serial_shops, shop
Temple:   nicolae_temple_two_arcs

Skill      XL: |  1  2  3  4  5  6  7  8  9 10 |
---------------+-------------------------------+-----
Maces & Flails | 3 4 5 6 7 9 11 13 | 13.0
Stealth        | 2 4 |  4.6
Fighting       | 4 5 |  5.7
Dodging        | 4 5 |  5.7
Shields        | 4 |  4.5
Invocations    | |  0.2

Action                     |  1- 3 |  4- 6 |  7- 9 | 10-12 || total
---------------------------+-------+-------+-------+-------++-------
  Melee: Flail             |    60 |    82 |   297 |   143 ||   582
         Tentacles         |    15 |    20 |    77 |    40 ||   152
         Constrict         |    18 |    25 |    60 |    25 ||   128
         Punch             |     2 |     1 |     4 |     6 ||    13
 Invoke: Vitalisation      |       |       |     1 |       ||     1
  Evoke: Wand              |       |       |       |     1 ||     1
    Use: Potion            |       |     1 |     9 |     2 ||    12
         Scroll            |       |       |       |     2 ||     2
   Stab: Sleeping          |     7 |     5 |     3 |     5 ||    20
 Armour: Skin              |     5 |     7 |    90 |    23 ||   125
  Dodge: Dodged            |    47 |    59 |   266 |    90 ||   462
  Block: Buckler           |     6 |    19 |    71 |    34 ||   130

Table legend: (Time is in decaauts)
 A = Elapsed time spent in this place.
 B = Non-inter-level travel time spent in this place.
 C = Inter-level travel time spent in this place.
 D = Time resting spent in this place.
 E = Time spent auto-exploring this place.
 F = Levels seen in this place.
 G = Mean time per level.
                   A        B        C        D        E       F      G
               +--------+--------+--------+--------+--------+-----+--------+
         Total |   5857 |   5625 |    232 |    117 |   4107 |  11 |  532.5 |
       Dungeon |   5840 |   5616 |    224 |    117 |   4107 |  10 |  584.0 |
        Temple |     16 |      8 |      8 |      0 |      0 |   1 |   16.0 |
               +--------+--------+--------+--------+--------+-----+--------+

Top non-repeatable levels by time:
     D:7: 979 daAuts
     D:5: 862 daAuts
     D:6: 813 daAuts
     D:4: 631 daAuts
     D:1: 563 daAuts
     D:3: 562 daAuts
     D:9: 514 daAuts
     D:2: 479 daAuts
     D:8: 280 daAuts
    D:10: 154 daAuts
  Temple: 16 daAuts
